 Dungeon Crawl Stone Soup version 0.25-a0-565-g8875c97ebb (webtiles) character file.

Game seed: 9613758341553789333, levelgen mode: deterministic

82723 nezrel the Warrior (level 15, -3/147 HPs)
             Began as a Minotaur Fighter on Feb 18, 2020.
             Was the Champion of Okawaru.
             Slain by an orc knight
             ... wielding a +0 bardiche
              (9 damage)
             ... on level 2 of the Orcish Mines on Feb 26, 2020.
             The game lasted 01:02:14 (21563 turns).

nezrel the Warrior (Minotaur Fighter)              Turns: 21563, Time: 01:02:14

Health: -3/147     AC: 24    Str: 29    XL:     15   Next: 30%
Magic:  0/23       EV: 14    Int:  5    God:    Okawaru [******]
Gold:   1952       SH: 15    Dex: 15    Spells: 14/14 levels left

rFire    + . .     SeeInvis .   G - +10 morningstar "Eos" {elec, Halo rElec}
rCold    + . .     Gourm    .   c - +0 kite shield
rNeg     . . .     Faith    .   y - +1 plate armour of the Pleiades {MP+9 Str+2}
rPois    +         Spirit   +   (helmet restricted)
rElec    +         Reflect  .   P - scarf {rC+ rF+}
rCorr    +         Harm     .   O - +2 pair of gloves "Lip Zov" {rCorr}
MR       +....                  J - +2 pair of boots {Fly}
Stlth    ..........             M - amulet of guardian spirit
HPRegen  0.34/turn              E - +5 ring of strength
MPRegen  0.18/turn              D - ring of poison resistance

@: mighty, flying, slowed, glowing, very slow
A: retaliatory headbutt, horns 2, molten scales 1, wild magic 1, MP-powered
wands
a: Heroism, Finesse, Renounce Religion, Stop Flying


You were on level 2 of the Orcish Mines.
You worshipped Okawaru.
Okawaru was exalted by your worship.
You were not hungry.

You visited 4 branches of the dungeon, and saw 23 of its levels.
You also visited: Ice Cave.

You collected 2317 gold pieces.
You spent 365 gold pieces at shops.

Inventory:

Hand Weapons
 G - the +10 morningstar "Eos" (weapon) {elec, Halo rElec}
   (You found it on level 9 of the Dungeon)

   Occasionally, upon striking a foe, it will discharge some electrical energy
   and cause terrible harm.
   It insulates you from electricity.
Missiles
 C - 3 silver boomerangs (quivered)
Armour
 c - a +0 kite shield (worn)
 y - the +1 plate armour of the Pleiades (worn) {MP+9 Str+2}
   (You found it on level 5 of the Dungeon)

   It affects your strength (+2).
   It affects your magic capacity (+9).
   If you remove this armour, your AC will decrease by 16 (24 -> 8).
 A - a +2 tower shield of cold resistance
 J - a +2 pair of boots of flying (worn)
 O - the +2 pair of gloves "Lip Zov" (worn) {rCorr}
   (Okawaru gifted it to you in an ice cave)

   It provides partial protection from all sources of acid and corrosion.
   If you remove this armour, your AC will decrease by 4 (24 -> 20).
 P - a scarf of resistance (worn)
Jewellery
 g - an uncursed amulet of faith {unknown}
 D - a ring of poison resistance (right hand)
 E - a +5 ring of strength (left hand)
 F - an uncursed ring of protection from cold {unknown}
 M - an amulet of guardian spirit (around neck)
Wands
 a - a wand of iceblast (22)
 b - a wand of disintegration (29)
 v - a wand of flame (62)
 w - a wand of acid (5)
 x - a wand of digging (7)
 L - a wand of random effects (57)
 Q - a wand of scattershot (3)
 S - a wand of paralysis (8)
 T - a wand of enslavement (6)
Scrolls
 e - 2 scrolls of noise
 h - 2 scrolls of enchant armour
 i - 9 scrolls of remove curse {@r2}
 j - 3 scrolls of magic mapping
 k - 5 scrolls of amnesia
 p - 7 scrolls of teleportation
 r - 4 scrolls of enchant weapon
 z - a scroll of blinking
 B - 3 scrolls of fear
 I - a scroll of silence {unknown}
 R - 4 scrolls of identify {@r1}
 U - a scroll of fog {unknown}
 V - a scroll of vulnerability {unknown}
Potions
 d - 2 potions of might
 l - a potion of heal wounds
 m - 2 potions of magic
 n - 4 potions of lignification
 o - a potion of stabbing
 q - a potion of experience {unknown}
 s - 6 potions of curing
 t - 2 potions of berserk rage
 u - 2 potions of brilliance
 H - 2 potions of flight
 K - 2 potions of invisibility
 N - a potion of resistance
Comestibles
 f - 29 rations
 W - 2 chunks of flesh


   Skills:
 + Level 17.0 Fighting
   Level 10.9(13.5) Axes
 + Level 13.3(14.7) Maces & Flails
 + Level 9.9 Armour
 - Level 11.4 Dodging
 - Level 15.5 Shields


You had 14 spell levels left.
You didn't know any spells.
Your spell library contained the following spells:

 Spells                   Type           Power        Failure   Level  Hunger
 Animate Skeleton         Necr           N/A          99%         1    ##.....
 Pain                     Necr           #...         99%         1    ##.....
 Confusing Touch          Hex            #.......     100%        3    ####...
 Gell's Gravitas          Tloc           #.........   100%        3    ####...
 Vampiric Draining        Necr           #.........   100%        3    ####...
 Animate Dead             Necr           N/A          100%        4    #####..
 Petrify                  Tmut/Erth      #.......     100%        4    #####..
 Agony                    Necr           #.......     100%        5    ######.
 Bolt of Magma            Conj/Fire/Erth #.........   100%        5    ######.
 Iskenderun's Battlesphe  Conj/Chrm      #.......     100%        5    ######.
 Metabolic Englaciation   Hex/Ice        #.........   100%        5    ######.
 Yara's Violent Unravell  Hex/Tmut       #.........   100%        5    ######.
 Iron Shot                Conj/Erth      #.........   100%        6    #######
 Orb of Destruction       Conj           #.........   100%        7    #######
 Spellforged Servitor     Conj/Summ      #.........   100%        7    #######


Dungeon Overview and Level Annotations

Branches:
Dungeon (14/15)            Temple (0/1) D:7            Lair (6/6) D:9
  Swamp (0/4) Lair:3        Snake (1/4) Lair:2        Slime (0/5) Lair:6
    Orc (2/2) D:10            Elf (0/3) Orc:2         IceCv (visited)
 Vaults: D:13-14

Altars:
Fedhas
Kikubaaqudgha
Okawaru
Qazlal
Ru
Trog
Uskayaw
Wu Jian
Xom
Yredelemnul
The Shining One
Jiyva

Shops:
D:11 [:!:


Innate Abilities, Weirdness & Mutations

You reflexively headbutt those who attack you in melee.
You have a pair of horns on your head.
You are partially covered in molten scales. (AC +2)
Your spells are a little harder to cast, but a little more powerful.
You expend magic power (3 MP) to strengthen your wands.


Message History

* * * LOW HITPOINT WARNING * * *
The orc knight hits you but does no damage.
The orc priest closely misses you. You furiously retaliate!
You headbutt the orc priest. You block the orc's attack.
You stick the ogre like a pincushion!!!
You kill the ogre!
Okawaru accepts your kill. The orc warrior completely misses you.
The orc warrior hits you with a +0 hand axe.
* * * LOW HITPOINT WARNING * * *
The orc warlord closely misses you. The orc priest completely misses you.
The orc wizard mumbles some strange words.
The orc wizard flickers and vanishes for a moment.
You feel much better.
The orc wizard gestures at you while chanting.
You feel yourself slow down.
The orc warrior hits you with a +0 scimitar!!
* * * LOW HITPOINT WARNING * * *
The orc knight hits you from afar with a +0 bardiche!
You die...

## #.#. . #$ ##.### ...# o. ...
#....##...#... ##......##
#.........#.. ###.^.......##
#........... .#............#
##...)......
..............#######.#..)......
........#......o)##)$..)#...o..#
........##..o..@oo.)............
........##....ooooo.#...#.......
.......))##......o####.###......
.......))#..........#### ..$...
........)............# ......
.........#.....##.#.## ##..#.
........<.......#####
.###...........## #.......).###


You could see an orc warlord, an orc knight, 4 orc warriors, an orc priest, 2
orc wizards and an orc.

Vanquished Creatures
  Donald (Orc:2)
  A frost giant (IceCv)
  Snorg (Lair:4)
  A fire dragon (Lair:6)
  7 hydras
  An anaconda (Lair:2)
  The ghost of Soiv Ice the Tainter, a journeyman DsVM of Hepliaklqana (Lair:1)
  A tengu warrior (D:14)
  A shock serpent (Snake:1)
  8 skeletal warriors
  A fire crab (Lair:6)
  An unseen horror (D:12)
  A flayed ghost (D:9)
  A lindwurm (Lair:6)
  Pikel (D:6)
  A mana viper (Snake:1)
  An orc knight (Orc:2)
  A wolf spider (Lair:6)
  2 manticores
  An ugly thing (D:13)
  3 cyclopes
  A deep elf mage (D:12)
  9 elephants
  A guardian serpent (Lair:6)
  2 ice statues (IceCv)
  11 black mambas
  7 torpor snails
  A gargoyle (D:14)
  15 spiny frogs
  2 rime drakes
  8 komodo dragons
  2 ice devils (Lair:1)
  A troll (Orc:1)
  11 hornets (Lair:6)
  Grinder (D:3)
  5 tyrant leeches
  17 polar bears
  22 blink frogs
  13 dream sheep
  10 hippogriffs
  9 slime creatures
  3 redbacks (Lair:6)
  2 vampires
  A shadow (D:9)
  2 basilisks
  2 wraiths (D:9)
  8 wyverns
  54 yaks
  3 hungry ghosts
  3 vampire mosquitoes (D:12)
  2 swamp worms (Lair:3)
  2 nagas (Lair:2)
  31 water moccasins
  9 porcupines
  3 black bears (D:9)
  3 ice beasts
  2 sky beasts
  3 phantoms
  A slave (D:6)
  An eye of draining (D:12)
  8 orc warriors
  14 ogres
  2 necrophages
  11 centaurs
  13 crocodiles
  15 wolves
  21 bullfrogs
  7 scorpions
  3 wights (D:6)
  3 killer bees (D:10)
  3 howler monkeys
  5 jellies
  2 centaur zombies
  6 crimson imps
  A quasit (D:12)
  4 bullfrog zombies
  4 hounds
  5 orc priests
  Crazy Yiuf (D:2)
  4 bullfrog skeletons
  A centaur skeleton (D:6)
  12 orc wizards
  Natasha (thrice) (D:4)
  3 hell rats (Lair:6)
  12 worker ants
  A killer bee zombie (D:6)
  3 hound skeletons
  A howler monkey zombie (D:7)
  A worker ant zombie (D:9)
  6 gnolls (D:6)
  10 adders
  A howler monkey skeleton (D:5)
  7 river rats (Lair:6)
  4 shadow imps
  7 oozes
  2 adder zombies
  2 worms
  3 dart slugs
  8 leopard geckos
  51 orcs
  10 giant cockroaches
  12 goblins
  11 hobgoblins
  4 jackals (D:2)
  12 kobolds
  6 quokkas
  2 ball pythons
  6 bats
  5 frilled lizards
  A quokka skeleton (D:5)
  A quokka zombie (D:5)
  14 rats
  4 plants
678 creatures vanquished.

Vanquished Creatures (others)
  A rime drake (Lair:3)
  Sigmund (D:6)
  2 slaves (D:6)
  A wight (D:6)
  2 worker ants (D:6)
  An adder zombie (D:6)
  A giant cockroach (D:6)
  15 fungi
  11 plants
35 creatures vanquished.

Grand Total: 713 creatures vanquished

Notes
Turn   | Place    | Note
-------+----------+-------------------------------------------
     0 | D:1      | nezrel the Minotaur Fighter began the quest for the Orb.
     0 | D:1      | Reached XP level 1. HP: 19/19 MP: 0/0
   103 | D:1      | Reached XP level 2. HP: 27/27 MP: 1/1
   202 | D:1      | Reached skill level 4 in Fighting
   248 | D:1      | Reached XP level 3. HP: 32/33 MP: 2/2
   441 | D:1      | You fall into a shaft and drop 1 floor!
   483 | D:2      | Reached skill level 1 in Dodging
   552 | D:2      | Reached XP level 4. HP: 29/41 MP: 3/3
   891 | D:2      | Found a sacrificial altar of Ru.
   906 | D:2      | Found a hide-covered altar of Uskayaw.
   952 | D:2      | Found a runed translucent door.
   953 | D:2      | Noticed Crazy Yiuf
  1273 | D:2      | Killed Crazy Yiuf
  1316 | D:3      | Reached XP level 5. HP: 40/47 MP: 4/4
  1333 | D:3      | Reached skill level 5 in Fighting
  1551 | D:3      | Found a glowing golden altar of the Shining One.
  1563 | D:3      | Found an iron altar of Okawaru.
  1566 | D:3      | Found an ornate altar of the Wu Jian Council.
  1592 | D:3      | Became a worshipper of Warmaster Okawaru
  1872 | D:3      | Noticed Grinder
  1873 | D:3      | Paralysed by Grinder for 5 turns
  1885 | D:3      | Killed Grinder
  1885 | D:3      | Reached * piety under Okawaru
  1885 | D:3      | Reached skill level 5 in Axes
  1885 | D:3      | Reached XP level 6. HP: 51/57 MP: 5/5
  2032 | D:3      | Reached skill level 6 in Fighting
  2342 | D:4      | Reached XP level 7. HP: 59/63 MP: 6/6
  2701 | D:4      | Noticed Natasha
  2710 | D:4      | Killed Natasha
  2920 | D:4      | Noticed Natasha
  2928 | D:4      | Killed Natasha
  3044 | D:4      | Noticed Natasha
  3054 | D:4      | Killed Natasha
  3391 | D:5      | Entered Level 5 of the Dungeon
  3391 | D:5      | Found a stormy altar of Qazlal.
  3794 | D:5      | Found a bloodstained altar of Trog.
  3794 | D:5      | Noticed a moth of wrath
  3848 | D:5      | Reached ** piety under Okawaru
  3848 | D:5      | Reached skill level 7 in Fighting
  3848 | D:5      | Reached skill level 5 in Dodging
  3945 | D:5      | Reached XP level 8. HP: 46/73 MP: 7/7
  4343 | D:5      | Got a twisted plate armour
  4359 | D:5      | Identified the cursed +1 plate armour of the Pleiades {MP+9
                  | Str+2} (You found it on level 5 of the Dungeon)
  4579 | D:6      | Reached skill level 8 in Fighting
  4580 | D:6      | Noticed Pikel
  4625 | D:6      | Killed Pikel
  4625 | D:6      | Reached *** piety under Okawaru
  4625 | D:6      | Reached skill level 5 in Shields
  4629 | D:6      | Reached skill level 9 in Fighting
  4639 | D:6      | Reached XP level 9. HP: 29/83 MP: 8/8
  5103 | D:6      | Killed Sigmund
  5698 | D:7      | Reached **** piety under Okawaru
  5755 | D:7      | Found a staircase to the Ecumenical Temple.
  5846 | D:7      | Received a gift from Okawaru
  5846 | D:7      | Reached skill level 10 in Fighting
  6786 | D:8      | Reached skill level 10 in Axes
  7124 | D:9      | Found a transporter.
  7157 | D:9      | Found a transporter.
  7172 | D:9      | Gained mutation: You are resistant to hostile enchantments.
                  | (MR+) [potion of mutation]
  7172 | D:9      | Gained mutation: Your muscles are strong. (Str +2) [potion
                  | of mutation]
  7173 | D:9      | Lost mutation: You are resistant to hostile enchantments.
                  | (MR+) [potion of mutation]
  7173 | D:9      | Lost mutation: Your muscles are strong. (Str +2) [potion of
                  | mutation]
  7173 | D:9      | Gained mutation: Your spells are a little harder to cast,
                  | but a little more powerful. [potion of mutation]
  7173 | D:9      | Gained mutation: You expend magic power (3 MP) to
                  | strengthen your wands. [potion of mutation]
  7173 | D:9      | Gained mutation: You are partially covered in molten
                  | scales. (AC +2) [potion of mutation]
  7174 | D:9      | Noticed a flayed ghost
  7174 | D:9      | Found a basalt altar of Yredelemnul.
  7174 | D:9      | Found an ancient bone altar of Kikubaaqudgha.
  7175 | D:9      | Found the +10 morningstar "Eos" {elec, Halo rElec}
  7182 | D:9      | Reached XP level 10. HP: 46/94 MP: 9/9
  7188 | D:9      | Killed a flayed ghost
  7188 | D:9      | Reached skill level 11 in Fighting
  7464 | D:9      | Reached ***** piety under Okawaru
  7468 | D:9      | Found a staircase to the Lair.
  7874 | D:9      | Reached skill level 10 in Shields
  8032 | D:9      | Found a sacrificial altar of Ru.
  8154 | D:10     | Entered Level 10 of the Dungeon
  8335 | D:10     | Reached skill level 1 in Maces & Flails
  8375 | D:10     | Received a gift from Okawaru
  8541 | D:10     | Noticed a skeletal warrior
  8545 | D:10     | Noticed a skeletal warrior
  8551 | D:10     | Killed a skeletal warrior
  8551 | D:10     | Reached skill level 12 in Fighting
  8551 | D:10     | Reached XP level 11. HP: 63/104 MP: 10/10
  8558 | D:10     | Killed a skeletal warrior
  8565 | D:10     | Noticed a skeletal warrior
  8573 | D:10     | Noticed a skeletal warrior
  8576 | D:10     | Killed a skeletal warrior
  8583 | D:10     | Killed a skeletal warrior
  8901 | D:10     | Got an obsidian-encrusted leather armour
  8913 | D:10     | Identified the +5 leather armour of the Sparrow {rPois rN++
                  | Dex+2 Slay-6} (You found it on level 10 of the Dungeon)
  8973 | D:10     | Found a staircase to the Orcish Mines.
  9395 | D:11     | Received a gift from Okawaru
  9460 | D:11     | Found Zuumel's Distillery.
  9546 | D:11     | Reached skill level 5 in Maces & Flails
  9614 | D:11     | Found Dopiug's Book Shop.
  9629 | D:11     | Found Zudun's Book Boutique.
  9959 | D:11     | Found a shimmering altar of Xom.
 10056 | D:11     | Found Leskots's Armour Emporium.
 10252 | D:12     | Reached skill level 13 in Fighting
 10345 | D:12     | Reached ****** piety under Okawaru
 10431 | D:12     | Received a gift from Okawaru
 10496 | D:12     | Noticed a deep elf mage
 10500 | D:12     | Killed a deep elf mage
 10505 | D:12     | Reached XP level 12. HP: 100/115 MP: 11/11
 10602 | D:11     | Bought a +2 pair of boots of flying for 365 gold pieces
 10838 | D:12     | Found a blossoming altar of Fedhas.
 11706 | D:13     | Received a gift from Okawaru
 11928 | D:14     | Noticed a tengu warrior
 11940 | D:14     | Killed a tengu warrior
 12043 | D:14     | Reached skill level 14 in Fighting
 12043 | D:14     | Reached skill level 10 in Dodging
 12590 | Lair:1   | Entered Level 1 of the Lair of Beasts
 12608 | Lair:1   | Found a runed translucent door.
 12609 | Lair:1   | Noticed Soiv Ice's ghost (journeyman DsVM)
 12615 | Lair:1   | Received a gift from Okawaru
 12646 | Lair:1   | Killed Soiv Ice's ghost
 12786 | Lair:1   | Found a frozen archway.
 12801 | IceCv    | Entered an ice cave
 12813 | IceCv    | Reached XP level 13. HP: 100/125 MP: 12/12
 13549 | IceCv    | Received a gift from Okawaru
 13560 | IceCv    | Got a pair of dazzling gloves {god gift}
 13566 | IceCv    | Identified the +2 pair of gloves "Lip Zov" {rCorr} (Okawaru
                  | gifted it to you in an ice cave)
 13920 | IceCv    | Noticed a frost giant
 13937 | IceCv    | Killed a frost giant
 14902 | Lair:2   | Reached skill level 10 in Maces & Flails
 14934 | Lair:2   | Reached skill level 15 in Fighting
 15246 | Lair:2   | Found a staircase to the Snake Pit.
 15319 | Lair:2   | You are sucked into a shaft and drop 2 floors!
 15320 | Lair:4   | Noticed Snorg
 15329 | Lair:4   | Killed Snorg
 15510 | Lair:4   | Reached skill level 5 in Armour
 15806 | Lair:4   | Received a gift from Okawaru
 15812 | Lair:4   | Reached XP level 14. HP: 124/135 MP: 13/13
 15875 | Lair:4   | You are sucked into a shaft and drop 2 floors!
 15875 | Lair:6   | Entered Level 6 of the Lair of Beasts
 16394 | Lair:5   | Received a gift from Okawaru
 17614 | Lair:3   | Reached skill level 16 in Fighting
 17617 | Lair:3   | Reached skill level 15 in Shields
 17773 | Lair:3   | Found a staircase to the Swamp.
 19186 | Lair:6   | Received a gift from Okawaru
 19332 | Lair:6   | Found a viscous altar of Jiyva.
 19333 | Lair:6   | Found a staircase to the Slime Pits.
 19547 | Lair:6   | Reached XP level 15. HP: 145/145 MP: 14/14
 19952 | Lair:6   | Found a runed translucent door.
 20379 | Lair:6   | Upgraded the game from 0.25-a0-521-gb5d5f98535 to
                  | 0.25-a0-565-g8875c97ebb
 20494 | Snake:1  | Entered Level 1 of the Snake Pit
 21037 | Orc:1    | Entered Level 1 of the Orcish Mines
 21452 | Orc:2    | Entered Level 2 of the Orcish Mines
 21452 | Orc:2    | Found a staircase to the Elven Halls.
 21523 | Orc:2    | Noticed Donald
 21524 | Orc:2    | Noticed an orc warlord
 21555 | Orc:2    | Killed Donald
 21559 | Orc:2    | Reached skill level 17 in Fighting
 21559 | Orc:2    | HP: 5/147 [orc warlord/+0 battleaxe (25)]
 21563 | Orc:2    | Slain by an orc knight

Levels and vault maps discovered:
D:1:      scummos_arrival_simple_crosswalls, layout_rooms
D:2:      layout_basic, minitemple, minmay_indecisive_spiral,
          uniq_crazy_yiuf_cottage
D:3:      minmay_door_path, layout_basic, gammafunk_temple_overflow_forgotten,
          first_ration, uniq_grinder
D:4:      layout_loops_ring, st_stairs_1, uniq_natasha
D:5:      layout_loops_ring, basic_altar, minmay_misc_feat_alley, tgw_trog
D:6:      layout_loops_cross, uniq_sigmund, uniq_pikel
D:7:      layout_basic, minmay_temple_entry_waves, serial_bayou_pond_c
D:8:      layout_gridville
D:9:      layout_cave_pools, gammafunk_temple_of_torment,
          minmay_lair_entry_grove, nicolae_ru_great_annihilating_truth
D:10:     layout_basic, orc_0_dummy
D:11:     layout_loops_ring, basic_altar, serial_shops, shop, shop,
          kennysheep_mini, nicolae_shop_trees
D:12:     layout_irregular_city, basic_altar
D:13:     layout_roguey, hangedman_little_slice_of_home,
          minmay_misc_feat_secret_circle
D:14:     layout_cave_pools, grunt_vaults_entry_fortified,
          grunt_dithmenos_smoke, gauntlet_entry_generic
Lair:1:   layout_roguey, ebering_ghost_inner_flame,
          portal_ice_cave_demonic_guard
Lair:2:   layout_roguey, guppyfry_snake_entry_island, grunt_megastairs_4
Lair:3:   layout_cave_shapes, palyth_hydra_swamp_entry, lemuel_old_faithful,
          serial_bayou_shore_b, grunt_megastairs_2, infiniplex_staircase_pool_2
Lair:4:   layout_loops_ring, beast_lair_carwin_11, uniq_snorg
Lair:5:   layout_roguey
Lair:6:   hangedman_lair_tendril_chambers, layout_cave_pods, wormcave,
          slime_altar_1, kennysheep_abandoned_house, lemuel_fruit_tree
Snake:1:  layout_rooms
Orc:1:    layout_caves, nicolae_orc_tapped_out
Orc:2:    grunt_orc_cross, layout_diamond_mine, serial_shops, shop_fountains,
          shop, uniq_donald

Skill      XL: |  1  2  3  4  5  6  7  8  9 10 11 12 13 14 15 |
---------------+----------------------------------------------+-----
Fighting       | 4 5 6 7 9 10 12 13 14 15 16 17 | 17.0
Armour         | 4 5 8 9 |  9.9
Shields        | 4 5 8 10 11 13 14 15 | 15.5
Axes           | 3 4 5 6 8 10 | 10.9
Dodging        | 1 2 3 5 6 8 10 11 | 11.4
Maces & Flails | 2 6 9 11 12 13 | 13.3

Action                   |  1- 3 |  4- 6 |  7- 9 | 10-12 | 13-15 || total
-------------------------+-------+-------+-------+-------+-------++-------
Melee: War axe           |    77 |   143 |   388 |    85 |       ||   693
       Headbutt          |    10 |    27 |    81 |    97 |   146 ||   361
       Morningstar       |       |       |       |   321 |   669 ||   990
Invok: Heroism           |       |       |     1 |       |     1 ||     2
  Use: Scroll            |       |     7 |     5 |     2 |     9 ||    23
       Potion            |       |       |     2 |     2 |     5 ||     9
 Stab: Paralysed         |       |       |       |     1 |       ||     1
       Distracted        |       |       |       |       |     2 ||     2
  Eat: Ration            |       |     2 |     4 |     4 |     5 ||    15
       Chunk             |       |       |     4 |     6 |    11 ||    21
Armor: Scale mail        |    39 |    50 |    45 |       |       ||   134
       Plate armour      |       |       |    87 |   156 |   232 ||   475
Dodge: Dodged            |    29 |    43 |   100 |   122 |   294 ||   588
Block: Kite shield       |    42 |    57 |   184 |   275 |   503 ||  1061

Table legend:
 A = Non-vault XP
 B = Vault XP
 C = Vault XP percentage of total XP
 D = Non-vault monster count
 E = Vault monster count
 F = Vault count percentage of total count
                 A         B        C        D         E       F
            +---------+---------+-------+---------+---------+-------
      Total |   73500 |   44677 |  37.8 |     492 |     182 |  27.0
            +---------+---------+-------+---------+---------+-------
        D:1 |      51 |       0 |   0.0 |      28 |       0 |   0.0
        D:2 |      76 |      48 |  38.7 |      25 |       5 |  16.7
        D:3 |     187 |     301 |  61.7 |      41 |       4 |   8.9
        D:4 |     250 |     140 |  35.9 |      12 |       3 |  20.0
        D:5 |     665 |       9 |   1.3 |      20 |       5 |  20.0
        D:6 |    1192 |     641 |  35.0 |      28 |       1 |   3.4
        D:7 |    1158 |       0 |   0.0 |      13 |       0 |   0.0
        D:8 |     174 |       0 |   0.0 |       6 |       0 |   0.0
        D:9 |    1205 |    3492 |  74.3 |      23 |      23 |  50.0
       D:10 |    6544 |       0 |   0.0 |      33 |       0 |   0.0
       D:11 |    2888 |       0 |   0.0 |      24 |       0 |   0.0
       D:12 |    5412 |       0 |   0.0 |      32 |       0 |   0.0
       D:13 |    3044 |     410 |  11.9 |      16 |       9 |  36.0
       D:14 |    5009 |     415 |   7.7 |       8 |       1 |  11.1
     Lair:1 |    3609 |    1812 |  33.4 |      18 |       4 |  18.2
     Lair:2 |   13210 |     964 |   6.8 |      45 |       5 |  10.0
     Lair:3 |    2335 |    4336 |  65.0 |       9 |      10 |  52.6
     Lair:4 |    7985 |    2196 |  21.6 |      28 |       4 |  12.5
     Lair:5 |    8614 |       0 |   0.0 |      30 |       0 |   0.0
     Lair:6 |    5301 |   18045 |  77.3 |      22 |      71 |  76.3
    Snake:1 |    1910 |       0 |   0.0 |       3 |       0 |   0.0
      Orc:1 |     889 |       0 |   0.0 |      13 |       0 |   0.0
      Orc:2 |    1792 |    1992 |  52.6 |      15 |       1 |   6.2
      IceCv |       0 |    9876 | 100.0 |       0 |      36 | 100.0
            +---------+---------+-------+---------+---------+-------
